 Dungeon Crawl Stone Soup version 0.31-a0-700-gf13585253f (webtiles) character file.

Game seed: 10744617022324891060

117 qw the Shooter (level 5, -1/32 HPs)
             Began as a Gargoyle Hunter on Sept 7, 2023.
             Slain by a goblin
             ... wielding a +0 club
             ... led by Robin
              (2 damage)
             ... on level 2 of the Dungeon.
             The game lasted 00:00:29 (1093 turns).

qw the Shooter (Gargoyle Hunter)                    Turns: 1093, Time: 00:00:30

Health: -1/32      AC:  0    Str: 14    XL:     5   Next: 1%
Magic:  5/5        EV: 14    Int: 10    God:
Gold:   47         SH:  0    Dex: 15    Spells: 4/4 levels left

rFire   . . .        Y - melded +0 shortbow
rCold   . . .        (shield currently unavailable)
rNeg    + . .        g - melded +0 ring mail
rPois   inf          (helmet currently unavailable)
rElec   .            (cloak currently unavailable)
rCorr   .            (gloves currently unavailable)
SInv    .            (boots currently unavailable)
Will    .....        (no amulet)
Stlth   ++           (ring currently unavailable)
HPRegen 0.25/turn    (ring currently unavailable)
MPRegen 0.09/turn

%: no passive effects
@: pig-form, very quick
A: fast, no casting, sickness immunity, AC +4, small, negative energy resistance
1, (electricity resistance), torment resistance 1, petrification resistance
a: no special abilities


You were on level 2 of the Dungeon.
You were a filthy swine.
You visited 1 branch of the dungeon, and saw 2 of its levels.

You collected 47 gold pieces.


Innate Abilities, Weirdness & Mutations

You are a filthy swine.
You move quickly.
Your equipment is almost entirely melded.
You are incapable of wielding weapons or throwing items.
You cannot cast spells.
You are immune to sickness and miasma.
((Your stone body is resilient. (AC +4)))
You are immune to poison.
You resist negative energy. (rN+)
((You are resistant to electric shocks. (rElec)))
You are resistant to unholy torment.
You are immune to petrification.


   Skills:
 - Level 3.0 Fighting
 + Level 5.4 Ranged Weapons
 - Level 2.0 Armour
 - Level 1.5 Dodging
 - Level 1.1 Stealth


You had 4 spell levels left.
You didn't know any spells.
Your spell library was empty.

Inventory:

Hand Weapons
 Y - a +0 shortbow (melded)
Armour
 g - a +0 ring mail (melded)
Scrolls
 a - a scroll of enchant armour {unknown}
 b - a scroll of poison {unknown}
Potions
 f - a potion of resistance {unknown}
 h - a potion of brilliance {unknown}
 i - a potion of lignification {unknown}

Dungeon Overview and Level Annotations

Branches:
Dungeon (2/15)

Altars:

Annotations:
D:2 Robin


Message History

The goblin completely misses you.
You hit the goblin.
The goblin is heavily wounded.
Robin misses you.
The goblin hits you with a +0 dagger. x2
You hit the goblin.
You kill the goblin!
The goblin misses you. Robin hits you with a +0 club.
You hit Robin but do no damage. The goblin barely misses you.
You barely miss Robin. Robin barely misses you.
The goblin hits you with a +0 dagger.
You hit Robin but do no damage.
The goblin no longer looks unusually strong.
The goblin completely misses you.
Robin roars a battlecry!
The goblin completely misses you.
You hit Robin.
Robin is lightly wounded.
The goblin no longer looks unusually strong.
The goblin completely misses you. The goblin barely misses you.
You hit Robin.
Robin is moderately wounded.
The goblin closely misses you. The goblin hits you with a +0 dagger.
You hit Robin.
Robin is moderately wounded.
The goblin closely misses you. The goblin completely misses you.
Robin roars a battlecry!
The goblin goes into a battle-frenzy!
You barely miss Robin.
Robin is moderately wounded.
The goblin barely misses you. x2; Robin misses you.
You closely miss Robin.
Robin is moderately wounded.
The goblin no longer looks unusually strong.
The goblin barely misses you. Robin hits you with a +0 club.
The goblin closely misses you.
You hit Robin.
Robin is heavily wounded.
The goblin hits you with a +0 club.
You die...

####......# #.......#<#
..........### #.......###
............ #########
.)....).... ........).
........)# .......).##
####### .......ggg#
#.....# ........#h#
#.....##### ......:.#g##
#.........#
...........####.........#
.######....'..#.........#
#....##.'.........#
#....####.........#
#....# ##....####
#....#####......####
#...................


You could see Robin and 3 goblins.

Vanquished Creatures
  Jessica (D:2)
  Natasha (twice) (D:2)
  A dart slug (D:1)
  3 ball pythons (D:1)
  2 endoplasms (D:1)
  A giant cockroach (D:1)
  11 goblins
  4 hobgoblins
  4 kobolds (D:1)
  2 quokkas (D:1)
  2 bats (D:1)
  A frilled lizard (D:1)
  5 rats
39 creatures vanquished.

Notes
Turn   | Place    | Note
-------+----------+-------------------------------------------
     0 | D:1      | qw the Gargoyle Hunter began the quest for the Orb.
     0 | D:1      | Reached XP level 1. HP: 12/12 MP: 1/1
     0 | D:1      | 0 ||| qw: Version: 0.3-a-76-g4403597
     0 | D:1      | 0 ||| qw: Game counter: 562
     0 | D:1      | 0 ||| qw: Melee chars always use a shield: true
     0 | D:1      | 0 ||| qw: God list: Okawaru
     0 | D:1      | 0 ||| qw: Allow faded altars: false
     0 | D:1      | 0 ||| qw: Do Orc after clearing Dungeon:15 true
     0 | D:1      | 0 ||| qw: Do second Lair branch before Depths: true
     0 | D:1      | 0 ||| qw: Lair rune preference: random
     0 | D:1      | 0 ||| qw: Goals: Normal
     0 | D:1      | 0 ||| PLANNING D:1-11
    87 | D:1      | Reached XP level 2. HP: 17/17 MP: 2/2
   482 | D:1      | Reached XP level 3. HP: 18/21 MP: 3/3
   531 | D:1      | Reached skill level 5 in Ranged Weapons
   870 | D:1      | 870 ||| UPGRADING to +0 ring mail.
   880 | D:1      | 880 ||| DROPPING +0 leather armour.
   881 | D:1      | 881 ||| READING scroll labelled GUIPOI MISYUSS.
   882 | D:1      | 882 ||| READING scroll labelled FYXONI ASMOU.
   883 | D:1      | 883 ||| DROPPING scroll of butterflies.
   933 | D:2      | Noticed Jessica
   939 | D:2      | Killed Jessica
   963 | D:2      | Reached XP level 4. HP: 26/26 MP: 4/4
   985 | D:2      | Noticed Natasha
   997 | D:2      | Killed Natasha
   998 | D:2      | Reached skill level 3 in Fighting
  1057 | D:2      | Noticed Natasha
  1061 | D:2      | Killed Natasha
  1071 | D:2      | Noticed Robin
  1078 | D:2      | Reached XP level 5. HP: 26/32 MP: 5/5
  1078 | D:2      | 1078 ||| FLEEEEING.
  1080 | D:2      | 1080 ||| FLEEEEING.
  1082 | D:2      | 1082 ||| FLEEEEING.
  1086 | D:2      | HP: 4/32 [goblin/+0 dagger[Robin] (6)]
  1092 | D:2      | HP: 1/32 [Robin/+0 club (3)]
  1093 | D:2      | Slain by a goblin

Levels and vault maps discovered:
D:1:      matt_arrival_los_fun, layout_basic, chequers_serial_rivers_small_b,
          serial_bayou_crossing
D:2:      layout_basic, dreamdust_ecumenical_altar_hidden_monk_grotto,
          uniq_robin, uniq_jessica, uniq_natasha

Skill      XL: |  1  2  3  4 |
---------------+-------------+-----
Ranged Weapons | 5 |  5.4
Armour         | 2 |  2.0
Fighting       | 3 |  3.0
Dodging        | |  1.5
Stealth        | |  1.1

Action                     |  1- 3 |  4- 6 || total
---------------------------+-------+-------++-------
  Melee: Unarmed           |       |    13 ||    13
   Fire: Shortbow          |    95 |    32 ||   127
    Use: Scroll            |     2 |       ||     2
 Armour: Leather armour    |    15 |       ||    15
         Ring mail         |       |    14 ||    14
         Skin              |       |     9 ||     9
  Dodge: Dodged            |    27 |    45 ||    72

Table legend:
 A = Non-vault XP
 B = Vault XP
 C = Vault XP percentage of total XP
 D = Non-vault monster count
 E = Vault monster count
 F = Vault count percentage of total count
                 A         B        C        D         E       F
            +---------+---------+-------+---------+---------+-------
      Total |      77 |      91 |  54.2 |      28 |      11 |  28.2
            +---------+---------+-------+---------+---------+-------
        D:1 |      42 |       0 |   0.0 |      25 |       0 |   0.0
        D:2 |      35 |      91 |  72.2 |       3 |      11 |  78.6
            +---------+---------+-------+---------+---------+-------
